[ PARTIDA AOE2 · #493782888 ]
UnrankedLituanos vs Romans
Equipo del jugador · DERR
Equipo rival · VICT
[ ANÁLISIS DE REPETICIÓN · EXTRAÍDO DE LA PARTIDA GRABADA ]
Feudal
9:09
Castillos
—
Imperial
—
| APM promedio | 44.1 |
| APM pico | 82 |
| eAPM promedio | 13.3 |
| Aldeanos / militares | 25 / 7 |
Foco
⚔️ 22.9% · 🌾 77.1%
Archer ×7
Feudal
9:28
Castillos
—
Imperial
—
| APM promedio | 35.9 |
| APM pico | 72 |
| eAPM promedio | 13.1 |
| Aldeanos / militares | 21 / 6 |
Foco
⚔️ 17.9% · 🌾 82.1%
Militia ×3 · Skirmisher ×3
Mapa de la partida
Recursos iniciales + cada clic de construcción. Líneas = muros · curvas = relieve. ◆ oro · ⬟ piedra · ● bayas · ✦ reliquia · ◌ hueco del cierre
Tu base· Abierta — flanco sin cerrar
Base de Roman· Abierta — flanco sin cerrar
Terreno inicial suavizado · ◌ = hueco del cierre detectado · pasá el cursor para detalles
Inputs por minuto
— Nubsinc - - Roman
Build order — Nubsinc
52 acciones detectadas en el replay
| 0:00 | Encolar | Villager (Male) |
| 0:01 | Encolar | Villager (Male) |
| 0:01 | Encolar | Villager (Male) |
| 0:01 | Encolar | Villager (Male) |
| 0:02 | Encolar | Villager (Male) |
| 0:02 | Encolar | Villager (Male) |
| 0:02 | Encolar | Villager (Male) |
| 0:04 | Construir | House |
| 0:07 | Construir | House |
| 1:22 | Investigar | Loom |
| 1:32 | Encolar | Villager (Male) |
| 1:32 | Encolar | Villager (Male) |
| 1:51 | Encolar | Villager (Male) |
| 1:51 | Encolar | Villager (Male) |
| 2:20 | Encolar | Villager (Male) |
| 2:20 | Encolar | Villager (Male) |
| 3:16 | Construir | Lumber Camp |
| 3:28 | Encolar | Villager (Male) |
| 3:28 | Encolar | Villager (Male) |
| 3:29 | Encolar | Villager (Male) |
| 3:29 | Encolar | Villager (Male) |
| 3:52 | Construir | House |
| 3:55 | Construir | House |
| 4:37 | Encolar | Villager (Male) |
| 4:37 | Encolar | Villager (Male) |
| 5:07 | Encolar | Villager (Male) |
| 6:21 | Construir | Mill |
| 6:59 | Investigar | Feudal Age |
| 8:25 | Construir | Barracks |
| 9:09 | Edad | Edad Feudal |
| 9:11 | Construir | Archery Range |
| 9:15 | Construir | Blacksmith |
| 9:19 | Construir | House |
| 9:29 | Encolar | Villager (Male) |
| 9:31 | Encolar | Villager (Male) |
| 9:37 | Construir | Mining Camp |
| 10:10 | Encolar | Archer |
| 10:10 | Encolar | Archer |
| 10:24 | Construir | House |
| 10:27 | Construir | House |
| 10:32 | Construir | House |
| 10:37 | Construir | House |
| 10:45 | Encolar | Villager (Male) |
| 10:48 | Encolar | Archer |
| 10:48 | Encolar | Archer |
| 10:59 | Construir | House |
| 11:00 | Construir | House |
| 11:58 | Encolar | Villager (Male) |
| 11:58 | Encolar | Villager (Male) |
| 12:00 | Encolar | Archer |
| 12:00 | Encolar | Archer |
| 12:00 | Encolar | Archer |
Build order — Roman
46 acciones detectadas en el replay
| 0:01 | Encolar | Villager (Male) |
| 0:02 | Encolar | Villager (Male) |
| 0:02 | Encolar | Villager (Male) |
| 0:03 | Construir | House |
| 0:05 | Construir | House |
| 0:47 | Encolar | Villager (Male) |
| 1:38 | Encolar | Villager (Male) |
| 2:11 | Construir | Lumber Camp |
| 2:14 | Encolar | Villager (Male) |
| 2:14 | Encolar | Villager (Male) |
| 3:03 | Encolar | Villager (Male) |
| 3:33 | Encolar | Villager (Male) |
| 3:34 | Encolar | Villager (Male) |
| 3:55 | Encolar | Villager (Male) |
| 4:01 | Construir | House |
| 4:20 | Encolar | Villager (Male) |
| 4:42 | Construir | Mill |
| 4:58 | Encolar | Villager (Male) |
| 5:04 | Encolar | Villager (Male) |
| 5:04 | Encolar | Villager (Male) |
| 5:08 | Encolar | Villager (Male) |
| 5:09 | Investigar | Loom |
| 6:38 | Construir | Mining Camp |
| 7:10 | Investigar | Feudal Age |
| 7:27 | Construir | Barracks |
| 7:37 | Encolar | Villager (Male) |
| 8:05 | Construir | House |
| 8:14 | Encolar | Militia |
| 8:15 | Encolar | Militia |
| 8:29 | Encolar | Militia |
| 9:03 | Construir | Mill |
| 9:28 | Edad | Edad Feudal |
| 9:33 | Investigar | Man-at-Arms (upgrade) |
| 9:50 | Encolar | Villager (Male) |
| 10:01 | Construir | House |
| 10:12 | Construir | House |
| 10:26 | Construir | Archery Range |
| 10:37 | Encolar | Villager (Male) |
| 10:38 | Encolar | Villager (Male) |
| 11:07 | Encolar | Villager (Male) |
| 11:11 | Construir | Farm |
| 11:12 | Construir | Farm |
| 11:13 | Construir | Farm |
| 11:16 | Encolar | Skirmisher |
| 11:49 | Encolar | Skirmisher |
| 12:14 | Encolar | Skirmisher |
Cronología de la partida
| 7:27 | Roman · first_building Barracks |
| 8:25 | Nubsinc · first_building Barracks |
| 9:09 | Nubsinc · age_up feudal |
| 9:11 | Nubsinc · first_building Archery Range |
| 9:28 | Roman · age_up feudal |
| 10:26 | Roman · first_building Archery Range |
| 12:38 | Nubsinc · resign |
[ ANÁLISIS IA · 1 CRÉDITO ]
¿Qué pasó realmente en esta partida?
Wolo.gg analiza cada decisión: build order, eco, micro, errores típicos por bracket. Análisis personalizado por WhatsApp o Discord en 30 segundos.
Guía civ
Lituanos
Perfil
Jugador #5993155